 Dungeon Crawl Stone Soup version 0.31-a0-83-gbff143cfd1 (webtiles) character file.

Game seed: 16277297908474899761

2 Esekla the Sneak (level 1, -2/16 HPs)
             Began as an Octopode Delver on May 25, 2023.
             Succumbed to a scorpion's poison
             ... on level 5 of the Dungeon.
             The game lasted 00:00:30 (45 turns).

Esekla the Sneak (Octopode Delver)                    Turns: 45, Time: 00:00:30

Health: -2/16      AC:  1    Str: 11    XL:     1   Next: 30%
Magic:  1/1        EV: 13    Int: 12    God:
Gold:   0          SH:  0    Dex: 13    Spells: 0/0 levels left

rFire   . . .        a - +0 falchion
rCold   . . .        (no shield)
rNeg    . . .        (helmet restricted)
rPois   .            (no amulet)
rElec   .            (no ring)
rCorr   .            (no ring)
SInv    .            (no ring)
Will    .....        (no ring)
Stlth   ++++         (no ring)
HPRegen 0.22/turn    (no ring)
MPRegen 0.07/turn    (no ring)
                     (no ring)

%: no passive effects
@: lethally poisoned (-2 -> -19)
A: almost no armour, amphibious, 8 rings, camouflage 1, gelatinous body 1,
(nimble swimmer 1), tentacles
a: no special abilities


You were on level 5 of the Dungeon.
You visited 1 branch of the dungeon, and saw 1 of its levels.

Inventory:

Hand Weapons
 a - a +0 falchion (weapon)
 i - a +0 dagger
Missiles
 g - 2 poisoned darts (quivered)
Wands
 f - a wand of digging (3)
Scrolls
 b - a scroll of fog
 d - a scroll of fear
 j - a scroll of teleportation {unknown}
Potions
 e - a potion of haste
 h - a potion of heal wounds {unknown}


   Skills:
 * Level 3.0 Fighting
 * Level 2.0 Long Blades
 * Level 2.0 Dodging
 + Level 6.7 Stealth


You couldn't memorise any spells.
You didn't know any spells.
Your spell library was empty.

Dungeon Overview and Level Annotations

Branches:
Dungeon (5/15)
 Temple: D:4-7

Altars:


Innate Abilities, Weirdness & Mutations

You cannot wear most types of armour.
You are amphibious.
You can wear up to eight rings at the same time.
Your skin changes colour to match your surroundings (Stealth+).
Your rubbery body absorbs attacks. (AC +1, EV +1)
((You are camouflaged when in or above water. (Stealth+)))
You have tentacles for arms and can constrict up to eight enemies at once.


Message History

Welcome, Esekla the Octopode Delver.
If you return without finding the Orb of Zot, so far below, it's all over!
Press ? for a list of commands and other information.
Found a yellow potion and 2 poisoned darts.
Found a stone staircase leading down.
Found a scroll labelled AQEXIN SAXUILO.
Found a stone staircase leading up.
You see here 2 poisoned darts.
g - 2 poisoned darts An orc comes into view.
It is wielding a +0 dagger.
Found a leather armour.
You see here a yellow potion.
You see here a yellow potion.
h - a yellow potion The orc shouts!
You start waiting.
An orc is nearby!
You slash the orc!
You kill the orc!
You see here a +0 dagger.
i - a +0 dagger A hound and an adder come into view.
You see here a scroll labelled AQEXIN SAXUILO.
A scorpion comes into view.
The scorpion moves out of view.
You see here a scroll labelled AQEXIN SAXUILO.
j - a scroll labelled AQEXIN SAXUILO The hound barks!
You closely miss the scorpion. Your grab misses the scorpion.
The scorpion stings you. x2
You are lethally poisoned!
The scorpion poisons you!
As you read the scroll of magic mapping, it crumbles to dust.
You feel aware of your surroundings.
You sensed 1 altar.
You feel sick. The scorpion stings you.
* * * LOW HITPOINT WARNING * * *
You are more poisoned.
The scorpion poisons you!
You closely miss the scorpion. You grab the scorpion.
You constrict the scorpion, but do no damage.
You die...

*,,,,,###,...#.#****,,,,,,,,,,
*,,,,,,..,.....##*###,,,,,,,,,
*,,,.,##h##.....,....,,,,,,,,,
*,*,..#..S.....##...*,,,,,,,,,
**,,,,,........,....,**,,,,,,,,
*,,,,**,,.....**..#*,##**,,,,,,
**,*,**,,,#..###.#**...**,,,,,,
*,********#.##s.#*#......,,,,,
*** ##.@..##.......,,,,*
#..............,,,*
#...............,,,
##...##....,....***
####...##.#......*,*
#.##......#.<....,,,
##.##..#.........#***
#......##.##.....#,*,
#.....###.>.......,,,


You could see a scorpion.

Vanquished Creatures
  An orc (D:5)
1 creature vanquished.

Notes
Turn   | Place    | Note
-------+----------+-------------------------------------------
     0 | D:5      | Esekla the Octopode Delver began the quest for the Orb.
     0 | D:5      | Reached XP level 1. HP: 16/16 MP: 1/1
    38 | D:5      | Noticed a hound
    39 | D:5      | Noticed a scorpion
    45 | D:5      | Succumbed to a scorpion's poison

Illustrated notes

Levels and vault maps discovered:
D:5:      layout_cave_pools, nicolae_uskayaw_dance_hall, dreamdust_wishing_well,
          uniq_ijyb

Action                     || total
---------------------------++-------
  Melee: Falchion          ||     3
         Constrict         ||     1
    Use: Scroll            ||     1

Table legend: (Time is in decaauts)
 A = Elapsed time spent in this place.
 B = Non-inter-level travel time spent in this place.
 C = Inter-level travel time spent in this place.
 D = Time resting spent in this place.
 E = Time spent auto-exploring this place.
 F = Levels seen in this place.
 G = Mean time per level.
                   A        B        C        D        E       F      G
               +--------+--------+--------+--------+--------+-----+--------+
         Total |     45 |     45 |      0 |      5 |      0 |   1 |   45.0 |
       Dungeon |     45 |     45 |      0 |      5 |      0 |   1 |   45.0 |
               +--------+--------+--------+--------+--------+-----+--------+

Top non-repeatable levels by time:
     D:5: 45 daAuts
